cohdb
Replays
Latest Replays
All Replays
Popular Replays
Top Player Replays
Match Explorer
How It Works
Community
CoH3 Stats
Reddit
Sign in to upload your games and track your stats! →
Sign in with Steam
Match 28614491
Unlisted
Match 28614491
Overview
Messages
Build Orders
End
Construct Barracks
Selects Armored Battlegroup
Selects Veteran Crews
1⁄4-ton 4x4 Truck
Riflemen Squad
Riflemen Squad
Engineer Squad
Riflemen Squad
Infantry Support Center
Grenade Package
Construct Motor Pool
M8 Greyhound Armored Car
M1 Anti-tank Gun Team
Construct Medical Station
M8 Greyhound Armored Car
Selects Fast Deploy
Selects M8 Scott SPG
M24 Chaffee Light Tank
Riflemen Squad
M1918 Browning Automatic Rifles
Selects Field Repairs
M8 Scott SPG
Engineer Squad
Selects War Machine
Construct Tank Depot
Selects UNKNOWN (2160077)
M4A3E8 Sherman Easy Eight
M1 Anti-tank Gun Team
M4A3E8 Sherman Easy Eight
M18 Hellcat Tank Destroyer
M18 Hellcat Tank Destroyer
Riflemen Squad
Survival Training
Demolitions Package
M4A3E8 Sherman Easy Eight
Advanced Logistics
Munitions Surplus
Hunkmine
Friendly Mouse(Poxie)
gameing
YokingImpala
CAPTAIN cccp
President VeryStrange
LanceCriminal619
kurt
0
0
Comments
sign in to comment!
No comments posted yet!